 Dungeon Crawl Stone Soup version 0.19-a0-231-gae044c8 (webtiles) character file.

184 namelastname112 the Ruffian (level 5, 0/46 HPs)
             Began as a Ghoul Monk on May 24, 2016.
             Rotted away (potion of mutation)
             ... on level 3 of the Dungeon.
             The game lasted 00:02:03 (1264 turns).

namelastname112 the Ruffian (Ghoul Monk)            Turns: 1264, Time: 00:02:04

Health: 0/46       AC:  5    Str: 16      XL:     5   Next: 63%
Magic:  4/4        EV: 11    Int:  5      God:
Gold:   27         SH:  0    Dex: 10 (11) Spells: 0 memorised, 4 levels left

rFire  . . .     SeeInvis .       - Unarmed
rCold  + + .     Gourm    .     e - +0 ring mail
rNeg   + + +     Faith    .     (no shield)
rPois  ∞         Spirit   .     (no helmet)
rElec  .         Dismiss  .     (no cloak)
rCorr  .         Reflect  .     (no gloves)
SustAt .         Harm     .     (no boots)
MR     .....                    (no amulet)
Stlth  +.........               k - ring of positive energy
                                g - ring of protection from cold

@: rotting, not resistant to hostile enchantments, very unstealthy
A: rotting body, claws 1, carnivore 3, cold resistance 1, negative energy
resistance 3, slow regeneration 1, torment resistance, unbreathing
a: no special abilities


You were on level 3 of the Dungeon.
You were not hungry.

You visited 1 branch of the dungeon, and saw 3 of its levels.

You collected 27 gold pieces.

Inventory:

Armour
 e - a +0 ring mail (worn)
Jewellery
 g - a ring of protection from cold (left claw)
 k - a ring of positive energy (right claw)
Scrolls
 c - a scroll of fear {unknown}
 f - 4 scrolls of identify {unknown}
 l - 2 scrolls of enchant weapon {unknown}
 n - 3 scrolls of teleportation {unknown}
Potions
 a - 2 potions of curing {unknown}
 d - a potion of brilliance {unknown}
 h - 4 potions of mutation
 i - a potion of haste {unknown}
 j - a potion of degeneration {unknown}
 m - a potion of agility {unknown}
 o - a potion of flight {unknown}
Comestibles
 b - 2 meat rations


   Skills:
 + Level 4.0 Fighting
 + Level 2.1 Armour
 + Level 3.2 Dodging
 - Level 2.1 Stealth
 * Level 5.9 Unarmed Combat


You had 4 spell levels left.
You didn't know any spells.

Dungeon Overview and Level Annotations

Branches:
Dungeon (3/15)

Altars:
Yredelemnul
The Shining One


Innate Abilities, Weirdness & Mutations

Your body is rotting away.
You thrive on raw meat.
You are immune to poison.
You have sharp fingernails.
You are carnivorous and can eat meat at any time.
Your flesh is cold resistant. (rC+)
You are immune to negative energy. (rN+++)
You regenerate slowly when monsters are visible.
You are immune to unholy pain and torment.
You can survive without breathing.


Message History

You are too injured to fight recklessly!
You are too injured to fight recklessly!
You are too injured to fight recklessly!
You are too injured to fight recklessly!
The orc hits you with a flail.
* * * LOW HITPOINT WARNING * * *
You take 1 damage, and have 9/46 hp.
Found a hand axe.
The orc throws a tomahawk.
The tomahawk hits you.
* * * LOW HITPOINT WARNING * * *
You see here a tomahawk.
You take 6 damage, and have 3/46 hp.
Eat which item? (? for menu, Esc to quit)
You can't eat that!
Drink which item? (? for menu, Esc to quit)
It was a potion of mutation.
You feel extremely strange.
Your body decomposes!
You feel clumsy.
Your body decomposes!
You die...

#. #..†..#
#....... ##..
#.....#
#....... ...#
#..(..#
#.......
....##.....##
#.......
#.##.........##
.......
.............#
..##...(####.#
#....#†o####.#
####...oo.@..#
#.#######....).
<.. ##### ...
..... .... ....


You could see 3 orcs.

Vanquished Creatures
  The ghost of ololoev the Vexing, an amateur FeEn of Dithmenos (D:3)
  Ijyb (D:3)
  5 adders
  2 worms
  3 dart slugs
  3 giant geckos
  4 giant cockroaches
  4 goblins
  A hobgoblin (D:2)
  2 jackals (D:3)
  A ball python (D:3)
  3 bats
  8 giant newts
  7 kobolds
  5 rats
50 creatures vanquished.

Notes
Turn   | Place    | Note
--------------------------------------------------------------
     0 | D:1      | namelastname112 the Ghoul Monk began the quest for the Orb.
     0 | D:1      | Reached XP level 1. HP: 19/19 MP: 0/0
    10 | D:1      | barbarian: quoka зомби моделька новая
    17 | D:1      | namelastname112: у большинства зомби новые тайлы
    88 | D:1      | Reached skill level 1 in Armour
    88 | D:1      | Reached XP level 2. HP: 11/26 MP: 1/1
   288 | D:1      | barbarian: у кримсон импа тоже
   386 | D:1      | Reached XP level 3. HP: 29/31 MP: 2/2
   433 | D:2      | Reached skill level 5 in Unarmed Combat
   459 | D:2      | Found a basalt altar of Yredelemnul.
   786 | D:2      | Reached XP level 4. HP: 40/40 MP: 3/3
  1041 | D:2      | Found a glowing golden altar of the Shining One.
  1220 | D:3      | Noticed ololoev's ghost (amateur FeEn)
  1231 | D:3      | Killed ololoev's ghost
  1231 | D:3      | Reached XP level 5. HP: 29/46 MP: 4/4
  1247 | D:3      | Noticed Ijyb
  1254 | D:3      | Killed Ijyb
  1264 | D:3      | Rotted away (potion of mutation)

Vault maps used:
D:1:      lightli_arrival_boilingwater
D:2:      yredelemnul_altar_generic, tso_oasis_becter, kennysheep_generic_room_3
D:3:      lemuel_crystal_altar, kennysheep_generic_room_6, uniq_iyjb

Skill      XL: |  1  2  3  4  5 |
---------------+----------------+-----
Armour         | 1 2 |  2.1
Unarmed Combat | 5 |  5.9
Dodging        | 3 |  3.2
Fighting       | 4 |  4.0
Stealth        | |  2.1

Action                   |  1- 3 |  4- 6 || total
-------------------------+-------+-------++-------
Melee: Unarmed           |    93 |    55 ||   148
       Punch             |     1 |     2 ||     3
 Stab: Sleeping          |     2 |       ||     2
  Eat: Chunk             |     4 |     1 ||     5
Armor: Robe              |     3 |       ||     3
       Ring mail         |    27 |     9 ||    36
Dodge: Dodged            |    40 |    20 ||    60
